 Dungeon Crawl Stone Soup version 0.20-a0-689-g860b9ab (webtiles) character file.

5644 Laan the Cleaver (level 10, -5/56 HPs)
             Began as a Gargoyle Fighter on Feb 19, 2017.
             Was a Believer of Qazlal.
             Slain by a two-headed ogre
             ... wielding a +0 giant spiked club
              (10 damage)
             ... on level 10 of the Dungeon.
             The game lasted 00:17:08 (6999 turns).

Laan the Cleaver (Gargoyle Fighter)                 Turns: 6999, Time: 00:17:08

Health: -5/56      AC: 19    Str: 23    XL:     10   Next: 74%
Magic:  0/10       EV:  5    Int:  9    God:    Qazlal [**....]
Gold:   380        SH: 12    Dex:  9    Spells: 9/9 levels left

rFire    + . .     SeeInvis +   a - +1 war axe
rCold    . . .     Gourm    .   v - +0 chain mail
rNeg     + . .     Faith    .   c - +0 shield
rPois    ∞         Spirit   +   h - +0 helmet
rElec    +         Reflect  .   q - +1 cloak
rCorr    .         Harm     .   (no gloves)
MR       .....                  (no boots)
Stlth    ..........             C - amulet of guardian spirit
Regen    0.2/turn               A - ring of see invisible
MPRegen  0.2/turn               j - ring of protection from fire

@: no status effects
A: negative energy resistance 1, electricity resistance, unbreathing,
petrification resistance, rot immunity, AC +7
a: Upheaval, Renounce Religion


You were on level 10 of the Dungeon.
You worshipped Qazlal.
Qazlal was pleased with you.
You were not hungry.

You visited 2 branches of the dungeon, and saw 11 of its levels.

You collected 380 gold pieces.

Inventory:

Hand Weapons
 a - a +1 war axe (weapon)
 b - a +0 hand axe of venom
Missiles
 d - 3 tomahawks of returning
 r - 2 tomahawks (quivered)
Armour
 c - a +0 shield (worn)
 h - a +0 helmet (worn)
 q - a +1 cloak (worn)
 v - a +0 chain mail (worn)
Jewellery
 j - a ring of protection from fire (left hand)
 A - a ring of see invisible (right hand)
 C - an amulet of guardian spirit (around neck)
 E - an uncursed ring of stealth
 G - an uncursed ring of stealth
Wands
 o - a wand of clouds (4/9)
 y - a wand of polymorph (4/24)
 D - a wand of disintegration (6/24)
Scrolls
 e - 3 scrolls of remove curse
 k - 9 scrolls of identify
 p - a scroll of teleportation
 s - a scroll of magic mapping
 w - 2 scrolls of enchant armour
 z - a scroll of recharging
Potions
 i - 2 potions of agility
 n - 3 potions of curing
 t - 3 potions of flight
 x - a potion of brilliance
 F - a potion of might
Books
 u - a book of Minor Magic

   Spells                             Type                      Level
   a - Magic Dart                     Conjuration                  1
   b - Blink                          Translocation                2
   c - Call Imp                       Summoning                    2
   d - Slow                           Hexes                        2
   e - Conjure Flame                  Conjuration/Fire             3
   f - Mephitic Cloud                 Conjuration/Poison/Air       3
Comestibles
 f - 8 bread rations
 g - 2 royal jellies
 l - 3 meat rations
 B - 4 chunks of flesh


   Skills:
 - Level 3.2 Fighting
 + Level 13.9 Axes
 - Level 3.2 Armour
 - Level 3.2 Shields


You had 9 spell levels left.
You didn't know any spells.

Dungeon Overview and Level Annotations

Branches:
Dungeon (10/15)            Temple (1/1) D:5
   Lair: D:8-11         Orc: D:9-12

Altars:
Ashenzari
Cheibriados
Dithmenos
Elyvilon
Fedhas
Hepliaklqana
Kikubaaqudgha
Makhleb
Nemelex Xobeh
Okawaru
Qazlal
Trog
Yredelemnul
Zin
The Shining One

Shops:
D:4 ?   D:9 !

Annotations:
D:8 mora's ghost, journeyman HOFi


Innate Abilities, Weirdness & Mutations

You are resistant to torment.
Your stone body is resilient. (AC +7)
You are immune to poison.
You resist negative energy. (rN+)
You are resistant to electric shocks. (rElec)
You can survive without breathing.
You are immune to petrification.
You are immune to rotting.


Message History

Your shield and chain mail prevent you from hitting the ice beast.
The ice beast hits you but does no damage.
You slash the two-headed ogre!
The two-headed ogre is almost dead.
Your chain mail prevents you from hitting the ice beast.
Your chain mail prevents you from hitting the iguana.
The two-headed ogre hits you with a giant spiked club.
* * * LOW HITPOINT WARNING * * *
The two-headed ogre hits you with a giant spiked club.
* * * LOW HITPOINT WARNING * * *
The ice beast hits you but does no damage.
The iguana bites you!
* * * LOW HITPOINT WARNING * * *
You feel much better.
The ice beast hits you but does no damage.
You block the iguana's attack.
The two-headed ogre hits you with a giant spiked club!!
* * * LOW HITPOINT WARNING * * *
The two-headed ogre hits you with a giant spiked club!
You die...

#.......#
#.......#
#....<..# .
#.......########..
#.................
#.................
#.............}...
#.........§l....%.
#.........@O......
#........§.Y......
#................#
#.......########.#
#.......# #
#.......# .......
...


You could see a two-headed ogre, an ice beast and an iguana.

Vanquished Creatures
  A two-headed ogre (D:9)
  Pikel (D:5)
  The ghost of smajdalf the Nimble, a novice TeAE of Vehumet (D:7)
  3 trolls (D:9)
  A hornet (D:9)
  A hippogriff (D:9)
  The ghost of Laan the Skirmisher, an amateur GrFi (D:4)
  Duvessa (D:5)
  A water moccasin (D:6)
  A slave (D:5)
  2 sky beasts (D:9)
  A phantom (D:10)
  3 ice beasts
  A necrophage (D:10)
  3 ogres
  5 centaurs
  3 bullfrogs
  Dowan (D:5)
  A wyvern skeleton (D:9)
  2 scorpions
  A water moccasin skeleton (D:7)
  5 wights (D:7)
  6 howler monkeys
  A crimson imp (D:10)
  A jelly (D:9)
  An orc priest (D:7)
  4 hounds
  3 orc wizards
  A gnoll shaman (D:7)
  2 worker ants
  2 worker ant zombies
  6 adders
  4 gnolls (D:7)
  5 shadow imps
  3 oozes
  3 adder skeletons
  2 worms (D:4)
  5 dart slugs
  3 leopard geckos
  27 orcs
  2 ball pythons
  5 bats
  7 giant cockroaches
  4 goblins
  10 hobgoblins
  8 jackals
  A quokka (D:2)
  A frilled lizard (D:3)
  5 kobolds
  A leopard gecko skeleton (D:6)
  A quokka zombie (D:9)
  9 rats
173 creatures vanquished.

Notes
Turn   | Place    | Note
-------+----------+-------------------------------------------
     0 | D:1      | Laan the Gargoyle Fighter began the quest for the Orb.
     0 | D:1      | Reached XP level 1. HP: 14/14 MP: 1/1
    34 | D:1      | Reached skill level 2 in Axes
    68 | D:1      | Reached XP level 2. HP: 19/19 MP: 2/2
   204 | D:1      | Reached skill level 3 in Axes
   392 | D:1      | Reached XP level 3. HP: 22/23 MP: 3/3
  1209 | D:2      | Reached XP level 4. HP: 25/28 MP: 4/4
  1445 | D:3      | Reached skill level 4 in Axes
  2204 | D:4      | Found Queppoef's Magic Scroll Emporium.
  2272 | D:4      | Reached XP level 5. HP: 21/32 MP: 5/5
  2313 | D:4      | Noticed an ice beast
  2330 | D:4      | Killed an ice beast
  2330 | D:4      | Reached skill level 5 in Axes
  2348 | D:4      | Reached XP level 6. HP: 24/37 MP: 6/6
  2359 | D:4      | Noticed Laan's ghost (amateur GrFi)
  2382 | D:4      | Killed Laan's ghost
  2382 | D:4      | Reached skill level 6 in Axes
  2844 | D:5      | Entered Level 5 of the Dungeon
  2882 | D:5      | Noticed Duvessa
  2883 | D:5      | Noticed Dowan
  2897 | D:5      | Killed Duvessa
  2897 | D:5      | Reached skill level 7 in Axes
  2897 | D:5      | Reached XP level 7. HP: 21/41 MP: 7/7
  2903 | D:5      | Killed Dowan
  3156 | D:5      | Found a glowing silver altar of Zin.
  3309 | D:5      | Found a bloodstained altar of Trog.
  3319 | D:5      | Noticed Pikel
  3370 | D:5      | Killed Pikel
  3370 | D:5      | Reached skill level 8 in Axes
  3370 | D:5      | Reached XP level 8. HP: 15/46 MP: 8/8
  3611 | D:5      | Reached skill level 9 in Axes
  3619 | D:5      | Found a staircase to the Ecumenical Temple.
  3630 | Temple   | Entered the Ecumenical Temple
  3644 | Temple   | Became a worshipper of Qazlal Stormbringer
  4375 | D:6      | Reached skill level 10 in Axes
  4649 | D:6      | Reached XP level 9. HP: 46/51 MP: 9/9
  4743 | D:7      | Noticed smajdalf's ghost (novice TeAE)
  4778 | D:7      | HP: 2/51 [smajdalf's ghost/the air (14)]
  4783 | D:7      | Killed smajdalf's ghost
  4783 | D:7      | Reached skill level 11 in Axes
  5203 | D:7      | Reached * piety under Qazlal
  5473 | D:7      | Reached skill level 12 in Axes
  5877 | D:8      | Noticed mora's ghost (journeyman HOFi)
  6214 | D:7      | Reached XP level 10. HP: 28/56 MP: 5/10
  6335 | D:9      | Reached ** piety under Qazlal
  6343 | D:9      | Reached skill level 13 in Axes
  6587 | D:9      | Noticed a two-headed ogre
  6599 | D:9      | Killed a two-headed ogre
  6794 | D:9      | Found Xuquhiugh's Distillery.
  6926 | D:10     | Entered Level 10 of the Dungeon
  6983 | D:10     | Noticed a two-headed ogre
  6999 | D:10     | Slain by a two-headed ogre

Vault maps used:
D:1:      lemuel_arrival_funnel
D:2:      serial_curves, eino_curves_03, eino_curves_04, serial_bayou_ford_a
D:3:      hangedman_abyss_or_decor_stabs
D:4:      serial_shops, shop_fountains
D:5:      minmay_temple_entry_poolview, first_bread, basic_altar, bloody_trog,
          uniq_pikel, uniq_duvessa
D:8:      hangedman_decor_points, blue_anna_alchemist, minmay_strange_pillars,
          serial_bayou_crossing
D:9:      serial_shops, shop
D:10:     lair_entry_dummy, uniq_snorg
Temple:   compressed_dpeg_circular_temple

Skill      XL: |  1  2  3  4  5  6  7  8  9 10 |
---------------+-------------------------------+-----
Axes           | 2 3 4 5 7 8 10 12 13 | 13.9
Fighting       | |  3.2
Armour         | |  3.2
Shields        | |  3.2

Action                   |  1- 3 |  4- 6 |  7- 9 | 10-12 || total
-------------------------+-------+-------+-------+-------++-------
Melee: War axe           |   140 |   177 |   229 |    18 ||   564
       Hand axe          |       |       |   161 |   135 ||   296
Throw: Tomahawk          |       |       |     2 |       ||     2
  Use: Scroll            |     2 |     6 |     6 |     2 ||    16
       Potion            |     2 |     4 |     6 |     4 ||    16
 Stab: Invisible         |       |       |     4 |       ||     4
  Eat: Chunk             |     1 |     6 |     4 |     3 ||    14
       Meat ration       |       |       |     1 |       ||     1
       Royal jelly       |       |       |     1 |       ||     1
Armor: Scale mail        |    81 |    15 |       |       ||    96
       Chain mail        |       |    97 |   199 |    87 ||   383
Dodge: Dodged            |    28 |    29 |    74 |    23 ||   154
Block: Shield            |    76 |    81 |   173 |    70 ||   400
